 Dungeon Crawl Stone Soup version 0.23.2 (webtiles) character file.

Game seed: 11005549054445178255

1670 Darlok3d the Magician (level 9, -2/65 HPs)
             Began as a Gnoll Wanderer on Apr 5, 2019.
             Was a Follower of Okawaru.
             Slain by an orc warrior
             ... wielding a +0 battleaxe
              (10 damage)
             ... on level 6 of the Dungeon.
             The game lasted 00:27:41 (8176 turns).

Darlok3d the Magician (Gnoll Wanderer)              Turns: 8176, Time: 00:27:42

Health: -2/65      AC:  5    Str: 15    XL:     9   Next: 1%
Magic:  11/18      EV: 14    Int: 16    God:    Okawaru [*.....]
Gold:   114        SH:  0    Dex: 16    Spells: 16/20 levels left

rFire    + . .     SeeInvis .   c - +4 dagger
rCold    . . .     Gourm    .   (no shield)
rNeg     . . .     Faith    .   I - +2 robe {rF+}
rPois    +         Spirit   .   (no helmet)
rElec    .         Reflect  .   B - +0 cloak {rPois}
rCorr    +         Harm     .   (no gloves)
MR       .....                  (no boots)
Stlth    +++.......             (no amulet)
HPRegen  0.20/turn              e - ring of resist corrosion
MPRegen  0.16/turn              j - +1 ring of slaying

@: no status effects
A: distributed training, fangs 1, strong nose
a: Heroism, Renounce Religion


You were on level 6 of the Dungeon.
You worshipped Okawaru.
Okawaru was aware of your devotion.
You were not hungry.

You visited 2 branches of the dungeon, and saw 8 of its levels.

You collected 251 gold pieces.
You spent 137 gold pieces at shops.

Inventory:

Hand Weapons
 c - a +4 dagger (weapon)
 l - a +0 blowgun
 s - a +1 dagger of venom
 y - a +0 short sword of draining
 D - a +0 rapier
Missiles
 i - 10 tomahawks (quivered)
 q - 6 poisoned needles
 x - 4 needles of confusion
Armour
 B - a +0 cloak of poison resistance (worn)
 I - a +2 robe of fire resistance (worn)
Magical Staves
 u - an uncursed staff of cold {unknown}
Jewellery
 e - a ring of resist corrosion (left hand)
 j - a +1 ring of slaying (right hand)
 p - an uncursed amulet of faith
 C - an uncursed ring of see invisible {unknown}
Wands
 v - a wand of acid (2)
 H - a wand of clouds (8)
Scrolls
 a - a scroll of fear {unknown}
 b - 2 scrolls of fog
 d - a scroll of silence {unknown}
 g - a scroll of blinking {unknown}
 h - 5 scrolls of identify
 k - a scroll of random uselessness {unknown}
 m - a scroll of immolation {unknown}
 o - a scroll of amnesia {unknown}
 w - 4 scrolls of magic mapping
 A - a scroll of noise {unknown}
 E - a scroll of enchant weapon {unknown}
 F - 2 scrolls of teleportation {unknown}
 G - 2 scrolls of remove curse {unknown}
Potions
 n - a potion of magic {unknown}
 r - a potion of mutation {unknown}
 t - a potion of might {unknown}
 z - a potion of lignification {unknown}
 K - a potion of resistance
 L - a potion of flight {unknown}
Comestibles
 f - 12 rations


   Skills:
 + Level 3.7 Fighting
 + Level 6.0 Short Blades
 + Level 3.7 Long Blades
 + Level 3.7 Axes
 + Level 3.7 Maces & Flails
 + Level 3.7 Polearms
 + Level 3.7 Staves
 + Level 3.7 Slings
 + Level 3.7 Bows
 + Level 3.7 Crossbows
 + Level 4.5 Throwing
 + Level 3.7 Armour
 + Level 3.7 Dodging
 + Level 4.4 Stealth
 + Level 4.5 Shields
 + Level 3.7 Unarmed Combat
 + Level 6.3 Spellcasting
 + Level 3.0 Conjurations
 + Level 3.0 Hexes
 + Level 3.0 Charms
 + Level 3.0 Summonings
 + Level 3.0 Necromancy
 + Level 3.8 Translocations
 + Level 3.0 Transmutations
 + Level 3.0 Fire Magic
 + Level 4.9 Ice Magic
 + Level 3.0 Air Magic
 + Level 3.0 Earth Magic
 + Level 3.0 Poison Magic
 + Level 4.1 Invocations
 + Level 3.7 Evocations


You had 16 spell levels left.
You knew the following spells:

 Your Spells              Type           Power        Failure   Level  Hunger
a - Blink                 Tloc           N/A          4%          2    None
b - Call Imp              Summ           ##......     6%          2    None

Your spell library contained the following spells:

 Spells                   Type           Power        Failure   Level  Hunger
 Magic Dart               Conj           ##..         3%          1    None
 Summon Butterflies       Summ           ##......     3%          1    None
 Slow                     Hex            ##......     6%          2    None
 Conjure Flame            Conj/Fire      ##......     12%         3    ##.....
 Mephitic Cloud           Conj/Pois/Air  ##......     12%         3    ##.....
 Summon Guardian Golem    Hex/Summ       ##......     12%         3    ##.....


Dungeon Overview and Level Annotations

Branches:
Dungeon (7/15)             Temple (1/1) D:4

Altars:
Ashenzari
Cheibriados
Dithmenos
Fedhas
Gozag
Hepliaklqana
Kikubaaqudgha
Makhleb
Okawaru
Qazlal
Sif Muna
Trog
Uskayaw
Vehumet
Wu Jian
Xom
Yredelemnul
Zin
The Shining One

Shops:
D:4 }[*:

Annotations:
D:3 2 transporters, luab's ghost, amateur GrFi


Innate Abilities, Weirdness & Mutations

Your experience applies equally to all skills.
You have very sharp teeth.
Your uncanny sense of smell can sniff out nearby items.


Message History

A howler monkey comes into view.
The howler monkey hoots and howls with incredible vigour!
You hear a shout!
Casting: Blink (safe; 4% risk of failure)
Confirm with . or Enter, or press ? or * to list all spells.
You blink.
The howler monkey barely misses you.
Casting: Blink (safe; 4% risk of failure)
Confirm with . or Enter, or press ? or * to list all spells.
You blink.
The leopard gecko bites you but does no damage.
The orc wizard misses you.
The howler monkey hoots and howls with incredible vigour!
You hear a shout!
The leopard gecko bites you.
* * * LOW HITPOINT WARNING * * *
Found a scroll of identify.
A worker ant zombie comes into view.
The leopard gecko hisses menacingly.
The orc warrior hits you with a +0 battleaxe!
You die...

#......<......#
#.............###.
##.##..h.#.......#.
###...#.o.....#..#.#.
#?.....h...#..#..#.#.##
..#....##..#..#.......#
##.Zloo..........##.#
#....#o#####..###..##.#
#.##.#@# #.........>. #
# #.# ##.###.#.#§# ..#
... ∆# #.# .### .. ..#
#. #.. .### .∆ #.. #.
.. . #. .. ..


You could see an orc warrior, a howler monkey, an orc, a worker ant zombie and a
leopard gecko.

Vanquished Creatures
  Duvessa (D:5)
  An ice beast (D:7)
  2 phantoms (D:7)
  An orc warrior (D:7)
  A sky beast (D:7)
  2 centaurs (D:7)
  2 ogres
  Dowan (D:5)
  2 scorpions
  A hound (D:7)
  A jelly (D:5)
  2 orc priests (D:7)
  A centaur skeleton (D:4)
  5 orc wizards
  Jessica (D:3)
  Ijyb (D:3)
  2 worker ants
  A howler monkey zombie (D:7)
  A worker ant zombie (D:3)
  4 gnolls
  A howler monkey skeleton (D:4)
  6 adders
  A shadow imp (D:7)
  An ooze (D:3)
  A worm (D:2)
  3 dart slugs
  4 leopard geckos
  23 orcs
  A ball python (D:1)
  9 bats
  4 giant cockroaches
  12 goblins
  6 hobgoblins
  2 jackals (D:3)
  6 kobolds
  5 quokkas
  8 frilled lizards
  A jackal skeleton (D:4)
  2 quokka skeletons
  7 rats
136 creatures vanquished.

Vanquished Creatures (collateral kills)
  An adder (D:2)
  2 orcs (D:3)
  A goblin (D:2)
  A hobgoblin (D:3)
  A frilled lizard (D:3)
  A rat (D:3)
7 creatures vanquished.

Grand Total: 143 creatures vanquished

Notes
Turn   | Place    | Note
-------+----------+-------------------------------------------
     0 | D:1      | Darlok3d the Gnoll Wanderer began the quest for the Orb.
     0 | D:1      | Darlok3d set off with the following items: a +0 dagger, a
                  | potion of curing, a +0 robe, a ration; and the following
                  | spells available to memorise: Blink, Magic Dart, Summon
                  | Butterflies, Call Imp, Slow, Conjure Flame, Mephitic Cloud,
                  | Summon Guardian Golem
     0 | D:1      | Reached XP level 1. HP: 13/13 MP: 6/6
   162 | D:1      | Reached XP level 2. HP: 19/19 MP: 7/7
   424 | D:1      | Reached XP level 3. HP: 18/25 MP: 9/9
   797 | D:1      | Reached skill level 5 in Spellcasting
  1552 | D:2      | Reached skill level 1 in Invocations
  1570 | D:2      | Learned a level 2 spell: Blink
  1593 | D:2      | Reached skill level 1 in Fighting
  1593 | D:2      | Reached skill level 1 in Long Blades
  1593 | D:2      | Reached skill level 1 in Axes
  1593 | D:2      | Reached skill level 1 in Maces & Flails
  1593 | D:2      | Reached skill level 1 in Polearms
  1593 | D:2      | Reached skill level 1 in Staves
  1593 | D:2      | Reached skill level 1 in Slings
  1593 | D:2      | Reached skill level 1 in Bows
  1593 | D:2      | Reached skill level 1 in Crossbows
  1593 | D:2      | Reached skill level 1 in Armour
  1593 | D:2      | Reached skill level 1 in Dodging
  1593 | D:2      | Reached skill level 1 in Unarmed Combat
  1593 | D:2      | Reached skill level 1 in Evocations
  1783 | D:2      | Learned a level 2 spell: Call Imp
  1838 | D:2      | Reached XP level 4. HP: 29/32 MP: 11/11
  1851 | D:2      | Found a snail-covered altar of Cheibriados.
  2525 | D:3      | Reached skill level 1 in Conjurations
  2525 | D:3      | Reached skill level 1 in Hexes
  2525 | D:3      | Reached skill level 1 in Charms
  2525 | D:3      | Reached skill level 1 in Summonings
  2525 | D:3      | Reached skill level 1 in Necromancy
  2525 | D:3      | Reached skill level 1 in Transmutations
  2525 | D:3      | Reached skill level 1 in Fire Magic
  2525 | D:3      | Reached skill level 1 in Air Magic
  2525 | D:3      | Reached skill level 1 in Earth Magic
  2525 | D:3      | Reached skill level 1 in Poison Magic
  3022 | D:3      | Noticed Jessica
  3031 | D:3      | Killed Jessica
  3031 | D:3      | Reached XP level 5. HP: 4/37 MP: 12/12
  3626 | D:3      | Found a hazy altar of Hepliaklqana.
  3626 | D:3      | Found a glowing golden altar of the Shining One.
  3645 | D:3      | Found a transporter.
  3645 | D:3      | Noticed luab's ghost (amateur GrFi)
  3676 | D:3      | Found a transporter.
  3911 | D:3      | Reached XP level 6. HP: 41/44 MP: 13/13
  4098 | D:3      | Found an ancient bone altar of Kikubaaqudgha.
  4461 | D:3      | Noticed Ijyb
  4478 | D:3      | Killed Ijyb
  4664 | D:3      | Found a faded altar of an unknown god.
  4763 | D:4      | Found Kuuv's General Store.
  4770 | D:4      | Bought a scroll of magic mapping for 35 gold pieces
  4773 | D:4      | Found Widy's Armour Shoppe.
  4808 | D:4      | Reached skill level 5 in Short Blades
  5065 | D:4      | Found Cateh's Book Shop.
  5123 | D:4      | Bought a +0 cloak of poison resistance for 102 gold pieces
  5132 | D:4      | Found Teahucw's Weapon Emporium.
  5244 | D:4      | Reached XP level 7. HP: 50/50 MP: 15/15
  5332 | D:4      | Found Hisetargh's Gadget Shop.
  5519 | D:4      | Found a staircase to the Ecumenical Temple.
  5525 | Temple   | Entered the Ecumenical Temple
  5678 | Temple   | Became a worshipper of Warmaster Okawaru
  5833 | D:5      | Entered Level 5 of the Dungeon
  5944 | D:5      | Noticed Duvessa
  5947 | D:5      | Noticed Dowan
  5972 | D:5      | Killed Duvessa
  5981 | D:5      | Killed Dowan
  6262 | D:5      | You fall through a shaft for 2 floors!
  6280 | D:7      | Found a shimmering altar of Xom.
  6286 | D:7      | Reached XP level 8. HP: 57/57 MP: 16/16
  6311 | D:7      | Reached * piety under Okawaru
  8079 | D:7      | Reached XP level 9. HP: 54/65 MP: 18/18
  8142 | D:7      | HP: 3/65 [hippogriff (1)]
  8176 | D:6      | Slain by an orc warrior

Skill      XL: |  1  2  3  4  5  6  7  8 |
---------------+-------------------------+-----
Translocations | 2 3 |  3.8
Spellcasting   | 5 6 |  6.3
Invocations    | 1 2 3 4 |  4.1
Fighting       | 1 2 3 |  3.7
Long Blades    | 1 2 3 |  3.7
Axes           | 1 2 3 |  3.7
Maces & Flails | 1 2 3 |  3.7
Polearms       | 1 2 3 |  3.7
Staves         | 1 2 3 |  3.7
Slings         | 1 2 3 |  3.7
Bows           | 1 2 3 |  3.7
Crossbows      | 1 2 3 |  3.7
Armour         | 1 2 3 |  3.7
Dodging        | 1 2 3 |  3.7
Unarmed Combat | 1 2 3 |  3.7
Evocations     | 1 2 3 |  3.7
Conjurations   | 1 2 3 |  3.0
Hexes          | 1 2 3 |  3.0
Charms         | 1 2 3 |  3.0
Summonings     | 1 2 3 |  3.0
Necromancy     | 1 2 3 |  3.0
Transmutations | 1 2 3 |  3.0
Fire Magic     | 1 2 3 |  3.0
Air Magic      | 1 2 3 |  3.0
Earth Magic    | 1 2 3 |  3.0
Poison Magic   | 1 2 3 |  3.0
Throwing       | 3 4 |  4.5
Shields        | 3 4 |  4.5
Ice Magic      | 4 |  4.9
Stealth        | 3 4 |  4.4
Short Blades   | 5 6 |  6.0

Action                   |  1- 3 |  4- 6 |  7- 9 || total
-------------------------+-------+-------+-------++-------
Melee: Dagger            |   133 |   169 |   229 ||   531
       Bite              |    16 |    23 |    31 ||    70
       Short sword       |       |    40 |       ||    40
       Punch             |       |     1 |     4 ||     5
 Fire: Blowgun           |       |     7 |     2 ||     9
Throw: Tomahawk          |       |     7 |       ||     7
 Cast: Blink             |     3 |     1 |     5 ||     9
       Call Imp          |       |     6 |     7 ||    13
Invok: Heroism           |       |       |     1 ||     1
  Use: Potion            |     2 |     3 |     4 ||     9
       Scroll            |       |       |     1 ||     1
 Stab: Sleeping          |    13 |     6 |     5 ||    24
       Distracted        |       |     1 |       ||     1
  Eat: Chunk             |     3 |    11 |     9 ||    23
Armor: Robe              |    26 |    37 |    28 ||    91
Dodge: Dodged            |    70 |   113 |    94 ||   277
